[Event "*** SCC Grand Prix: Titled Tuesday Blitz"]
[Site "Chess.com"]
[Date "2020.08.25"]
[Round "3"]
[White "tsvet2005"]
[Black "Nemsko"]
[Result "1-0"]
[WhiteElo "2578"]
[BlackElo "2380"]
[TimeControl "180+1"]
[EndTime "10:30:16 PDT"]
[Termination "tsvet2005 won on time"]

1. d4 Nf6 2. c4 e6 3. Nc3 Bb4 4.
f3 d5 5. a3 Bxc3+ 6. bxc3 O-O 7. cxd5 Nxd5 8. e4 Ne7 9. Be3 c5 10. Bd3 Qa5 11. Qd2 Na6 12. Ne2 Nc6 13. O-O Rd8 14.
Qb2 Rb8 15. Rfd1 Bd7 16. Nf4 Be8 17. Be2 b5 18. d5 exd5 19. Nxd5 Ne5 20. Bf4 f6 21.
Rd2 Kh8 22. Rad1 Ra8 23. h4 c4 24. Qc1 Nc7 25. Nxf6 Rxd2 26. Qxd2 gxf6 27. Qd6 Nd7 28. Qxc7 Qxc7 29. Bxc7 Rc8 30. Bf4 Nc5 31. e5 Ne6 32. Bg3 f5 33. f4 Bc6 34. Kf2 Nc5 35. Bf3 Nd3+ 36. Ke2 Bxf3+ 37. Kxf3 Kg7 38. h5 Kf7 39. Bh4 Ke6 40. g4 1-0

[Event "*** SCC Grand Prix: Titled Tuesday Blitz"]
[Site "Chess.com"]
[Date "2020.08.25"]
[Round "3"]
[White "MYMChessAcademy"]
[Black "tteshan"]
[Result "0-1"]
[WhiteElo "2119"]
[BlackElo "2337"]
[TimeControl "180+1"]
[EndTime "10:30:16 PDT"]
[Termination "tteshan won by checkmate"]

1. e4 c5 2. Nf3 Nc6 3. d4 cxd4 4.
Nxd4 g6 5. Nc3 Bg7 6. Be3 Nf6 7. Bc4 O-O 8. Bb3 d6 9. f3 Bd7 10. Qd2 Na5 11. O-O-O Rc8 12. Kb1 Nc4 13. Bxc4 Rxc4 14.
g4 b5 15. h4 b4 16. Nce2 Qa5 17. Ng3 h5 18. gxh5 Nxh5 19. Nxh5 Qxh5 20. Rdg1 Rfc8 21. Rg5 Qh8 22. Rd5 Be6 23. Nxe6 fxe6 24. Rb5 Bxb2 25. Rxb4 Bc3 26. Rxc4 Rb8+ 27. Kc1 Bxd2+ 28. Kxd2 Qf6 29. Ke2 d5 30. exd5 exd5 31. Rf4 Qc6 32. Rc1 Rb2 33. Kd2 Rxa2 34. h5 Ra3 35. hxg6 Qc3+ 36. Kd1 Qxe3 37. Rb1 Qxf4 38. Rb8+ Qxb8 39. f4 Qxf4 40. c3 Rxc3 41. Ke2 Qe3+ 42. Kf1 Rc1+ 43. Kg2 Rg1+ 44. Kh2 Qg3# 0-1

[Event "*** SCC Grand Prix: Titled Tuesday Blitz"]
[Site "Chess.com"]
[Date "2020.08.25"]
[Round "3"]
[White "RenarddesSurfaces"]
[Black "KyrgyzFighter"]
[Result "1-0"]
[WhiteElo "2520"]
[BlackElo "2315"]
[TimeControl "180+1"]
[EndTime "10:30:17 PDT"]
[Termination "RenarddesSurfaces won by checkmate"]

1. e4 e6 2. d4 d5 3. Nc3 Nf6 4.
Bd3 c5 5. exd5 cxd4 6. Bb5+ Bd7 7. Bxd7+ Qxd7 8. dxe6 Qxe6+ 9. Nce2 Nc6 10. Nf3 Bb4+ 11.
Bd2 Bxd2+ 12. Qxd2 O-O 13. O-O Ne4 14. Qd3 Rad8 15.
Nexd4 Nxd4 16. Nxd4 Qd5 17. c3 Ng5 18. Qg3 Ne6 19. Nxe6 Qxe6 20. Rfe1 Qb6 21. b3 Rd2 22. h4 h6 23. Re4 Rfd8 24. Rae1 Rxa2 25. Re8+ Kh7 26. Qf3 Rxe8 27. Rxe8 Qxb3 28. Qf5+ g6 29. Qf6 Qd1+ 30. Kh2 Qd8 31. Qh8# 1-0

[Event "*** SCC Grand Prix: Titled Tuesday Blitz"]
[Site "Chess.com"]
[Date "2020.08.25"]
[Round "3"]
[White "Guenplen"]
[Black "RU_B9"]
[Result "1-0"]
[WhiteElo "2888"]
[BlackElo "1823"]
[TimeControl "180+1"]
[EndTime "10:30:17 PDT"]
[Termination "Guenplen won by resignation"]

1. d4 Nf6 2. Bf4 e6 3. e3 c5 4.
c3 b6 5. Nd2 Bb7 6. Ngf3 d6 7.
Nc4 Be7 8. dxc5 dxc5 9. Qxd8+ Kxd8 10. O-O-O+ Ke8 11. Nce5 Nc6 12. Bb5 Rc8 13. Ng5 Rf8 14.
Nxc6 Bxc6 15. Ba6 Ra8 16. Nf3 Nd5 17. Ne5 Nxf4 18. exf4 Ba4 19. b3 f6 20. Nc4 Bc6 21. Rhe1 Bxg2 22. Rxe6 Kf7 23. f5 Bh3 24. Rd7 Rfe8 25.
Nd6+ Kf8 26. Nxe8 Rxe8 27. Bd3 Bxf5 28. Bxf5 g6 29. Rxa7 gxf5 30. Rxb6 f4 31. Kc2 f5 32.
Re6 Kf7 33. Rexe7+ Rxe7 34. Rxe7+ Kxe7 35. a4 Kd6 36. Kd3 Kd5 37. f3 c4+ 38. bxc4+ Kc5 39. a5 h6 40. h3 h5 41. h4 1-0

[Event "*** SCC Grand Prix: Titled Tuesday Blitz"]
[Site "Chess.com"]
[Date "2020.08.25"]
[Round "3"]
[White "Vuk2000"]
[Black "Siemba"]
[Result "1-0"]
[WhiteElo "2723"]
[BlackElo "2468"]
[TimeControl "180+1"]
[EndTime "10:30:18 PDT"]
[Termination "Vuk2000 won by checkmate"]

1. e4 d5 2. exd5 Nf6 3. d4 Bg4 4. f3 Bf5 5. c4 e6 6. dxe6 Nc6 7. Be3 fxe6 8. Bd3 Nxd4 9. Bxf5 Nxf5 10. Qe2 Bb4+ 11.
Nc3 Qe7 12. Nh3 e5 13. Bf2 Nd4 14. Qd1 Bxc3+ 15. bxc3 Nc6 16. O-O O-O 17. c5 Kh8 18.
Qb3 b6 19. Qb5 Na5 20. Rad1 Qf7 21. cxb6 axb6 22. Qxe5 Nc4 23. Qf4 Rxa2 24. Ng5 Qg8 25. Qxc7 h6 26. Nh3 Rc8 27. Qg3 Nd2 28. Rfe1 Rxc3 29.
Bd4 Rcc2 30. Nf4 Nb3 31. Bxf6 gxf6 32. Ng6+ Kh7 33. Rd7+ Qg7 34. Nf8+ Kg8 35. Qxg7# 1-0

[Event "*** SCC Grand Prix: Titled Tuesday Blitz"]
[Site "Chess.com"]
[Date "2020.08.25"]
[Round "3"]
[White "chesslh19"]
[Black "lider34"]
[Result "0-1"]
[WhiteElo "2216"]
[BlackElo "2403"]
[TimeControl "180+1"]
[EndTime "10:30:18 PDT"]
[Termination "lider34 won by resignation"]

1. e4 c6 2. d4 d5 3. Nd2 dxe4 4. Nxe4 Nf6 5. Nxf6+ exf6 6. Bc4 Bd6 7. Qe2+ Kf8 8. Be3 h5 9. O-O-O g6 10. Nf3 Kg7 11.
d5 c5 12. Kb1 a6 13. Bd3 b5 14. c4 bxc4 15. Bxc4 Nd7 16. Bd2 Ne5 17. Nxe5 Bxe5 18. Bc3 Bxc3 19. bxc3 Rb8+ 20. Ka1 Qa5 21. Qc2 Bf5 22.
Bd3 Bxd3 23. Qxd3 c4 24. Qc2 Rb3 25. Rc1 Rhb8 26. d6 Qa3 27. Rb1 Rxc3 28. Qd2 Rd3 29. Qc2 Rxb1+ 30. Rxb1 Qxd6 31. Qb2 Rd2 32. Qc3 Rxf2 33. Rc1 Rxg2 34. h3 Qe5 35. Qxe5 fxe5 36. Rxc4 f5 37. Rc7+ Kh6 38. Ra7 e4 39. Rxa6 e3 40. Re6 e2 41. a4 Rg1+ 42. Kb2 e1=Q 43. Rxe1 0-1

[Event "*** SCC Grand Prix: Titled Tuesday Blitz"]
[Site "Chess.com"]
[Date "2020.08.25"]
[Round "3"]
[White "SahajGrover"]
[Black "allvim"]
[Result "0-1"]
[WhiteElo "2651"]
[BlackElo "2420"]
[TimeControl "180+1"]
[EndTime "10:30:19 PDT"]
[Termination "allvim won by resignation"]

1. e4 c5 2. Nf3 d6 3. Bb5+ Bd7 4. Bxd7+ Qxd7 5. c4 Nc6 6. d4 cxd4 7. Nxd4 Nf6 8. Nc3 e6 9. b3 Be7 10. Bb2 O-O 11. O-O a6 12. Re1 Rfd8 13. Qd2 Rac8 14. Rad1 Qc7 15. f4 Qb6 16. Na4 Qa7 17. Kh1 Nd7 18. Qe3 Qb8 19. f5 Nxd4 20. Qxd4 Ne5 21. fxe6 fxe6 22. c5 Bf6 23. Qe3 dxc5 24. Nxc5 Ng4 25.
Rxd8+ Rxd8 26. Qg1 Bxb2 27. Nxe6 Re8 28. Re2 Rxe6 29. Rxb2 Rh6 30. g3 Qe5 31. Qd1 Qxe4+ 32. Kg1 Qe3+ 33. Kh1 Qe4+ 34. Kg1 Rf6 35. Re2 Qc6 36.
Rd2 Qc5+ 37. Kg2 Ne3+ 0-1

[Event "*** SCC Grand Prix: Titled Tuesday Blitz"]
[Site "Chess.com"]
[Date "2020.08.25"]
[Round "3"]
[White "Matveev_Vladimir"]
[Black "Terao90"]
[Result "1-0"]
[WhiteElo "2545"]
[BlackElo "2345"]
[TimeControl "180+1"]
[EndTime "10:30:19 PDT"]
[Termination "Matveev_Vladimir won on time"]

1. d4 Nf6 2. c4 e6 3. Nf3 d5 4. g3 Bb4+ 5. Bd2 Be7 6. Bg2 O-O 7. O-O c6 8. Qc2 b6 9. Rc1 Nbd7 10. a4 Ba6 11. b3 c5 12. dxc5 Nxc5 13. Na3 Rc8 14. Nb5 dxc4 15. bxc4 Nce4 16. Be3 Bc5 17. Bxc5 Rxc5 18. Nfd4 Nd6 19. Nc6 Qd7 20. Rd1 Bxb5 21. axb5 a5 22. Qd3 Nfe8 23. Rac1 Qc7 24. e4 Nc8 25. e5 Ne7 26. f4 Nxc6 27. bxc6 g6 28. Qd7 Kg7 29. h4 h5 30. Be4 a4 31. Kf2 Ra5 32. Ke3 Ra7 33. Qxc7 Nxc7 34. Rd7 Rc8 35.
Ra1 a3 36. Kd4 1-0

[Event "*** SCC Grand Prix: Titled Tuesday Blitz"]
[Site "Chess.com"]
[Date "2020.08.25"]
[Round "3"]
[White "alexgo05"]
[Black "mr65"]
[Result "1-0"]
[WhiteElo "2360"]
[BlackElo "2158"]
[TimeControl "180+1"]
[EndTime "10:30:19 PDT"]
[Termination "alexgo05 won by resignation"]

1. e4 e5 2. Nf3 Nc6 3. Bb5 a6 4. Ba4 Nf6 5. O-O Be7 6. Re1 b5 7. Bb3 O-O 8. a4 b4 9. a5 d6 10. d3 Rb8 11. Nbd2 Bg4 12. h3 Bh5 13. c3 Rb5 14. Nc4 bxc3 15. Ba4 cxb2 16. Bxb2 Rxb2 17. Nxb2 Nd4 18. g4 Nxf3+ 19. Qxf3 Bg6 20. Nc4 h5 21. Ne3 hxg4 22. hxg4 d5 23. Nxd5 Nxd5 24. exd5 Bd6 25. Re3 f5 26. gxf5 Rxf5 27. Qg2 Rg5 28. Rg3 Rxg3 29.
Qxg3 Qf6 30. Rb1 e4 31. Rb8+ Kf7 32. Be8+ Ke7 33. Qxg6 Bh2+ 34. Kf1 Qa1+ 35. Kg2 Qg1+ 36. Kh3 Qf1+ 37. Qg2 Qxd3+ 38. Kxh2 Qxd5 39. Qxg7+ Kd6 40. Rd8+ Kc5 41. Rxd5+ 1-0

[Event "*** SCC Grand Prix: Titled Tuesday Blitz"]
[Site "Chess.com"]
[Date "2020.08.25"]
[Round "3"]
[White "mapleaff"]
[Black "AungTZ"]
[Result "1-0"]
[WhiteElo "2344"]
[BlackElo "2138"]
[TimeControl "180+1"]
[EndTime "10:30:19 PDT"]
[Termination "mapleaff won on time"]

1. d4 Nf6 2. c4 e6 3. g3 d5 4. Bg2 c5 5. cxd5 Nxd5 6. Nf3 Be7 7. O-O O-O 8. Nc3 Nxc3 9. bxc3 Nc6 10. Rb1 Rb8 11. Bf4 Bd6 12. dxc5 Bxf4 13. Qxd8 Rxd8 14.
gxf4 Bd7 15. Rfd1 Be8 16. Nd4 Kf8 17. e3 Ke7 18. Be4 g6 19. Kg2 Rdc8 20. Rd2 Na5 21. Rdb2 Rxc5 22. Bxb7 Rxc3 23. Be4 Rxb2 24. Rxb2 Ra3 25.
Nc2 Rc3 26. Nd4 f6 27. h4 e5 28. fxe5 fxe5 29. Nf3 Kd6 30. Rd2+ Ke6 31. Bd5+ Kf6 32. Ng5 Ra3 33. Nxh7+ Kg7 34. Ng5 Kh6 35. Rc2 Bd7 36.
Rc7 Kh5 37. Kg3 Nc6 38. Rxd7 1-0

[Event "*** SCC Grand Prix: Titled Tuesday Blitz"]
[Site "Chess.com"]
[Date "2020.08.25"]
[Round "3"]
[White "Zq1"]
[Black "Sychev_Klementy"]
[Result "1/2-1/2"]
[WhiteElo "2537"]
[BlackElo "2770"]
[TimeControl "180+1"]
[EndTime "10:30:20 PDT"]
[Termination "Game drawn by repetition"]

1. Nf3 Nf6 2. c4 g6 3. Nc3 Bg7 4. e4 d6 5. d4 Bg4 6. Be2 Nfd7 7. Be3 O-O 8. Rc1 a6 9. d5 Bxf3 10. Bxf3 b5 11. Be2 b4 12. Na4 c5 13. dxc6 Nxc6 14. O-O Nf6 15. f3 Rb8 16. b3 a5 17. Qd2 Qc7 18.
Rfd1 Rfd8 19. Bf1 e6 20. Qf2 Qe7 21. Nb6 h5 22. h3 Ne8 23. c5 Qb7 24. cxd6 Rxd6 25.
Rxd6 Nxd6 26. Na4 Nb5 27. Bxb5 Qxb5 28. Qf1 Bd4 29. Bxd4 Nxd4 30. Qxb5 Rxb5 31. Kf2 Kf8 32. Ke3 e5 33. Rc5 Ke7 34. Rxb5 Nxb5 35. Kd3 Nd6 36.
Nb6 Ke6 37. h4 f6 38. Nc4 Nb7 39. Nb6 Nd6 40. Nc4 Nb7 41. Nb6 Nd6 1/2-1/2

[Event "*** SCC Grand Prix: Titled Tuesday Blitz"]
[Site "Chess.com"]
[Date "2020.08.25"]
[Round "3"]
[White "A-Fier"]
[Black "Kopytkin"]
[Result "1-0"]
[WhiteElo "2755"]
[BlackElo "2427"]
[TimeControl "180+1"]
[EndTime "10:30:20 PDT"]
[Termination "A-Fier won on time"]

1. d4 d5 2. c4 c6 3. Nc3 Nf6 4. e3 a6 5. Qc2 g6 6. Bd3 Bg7 7. Nf3 O-O 8. O-O b6 9. cxd5 Nxd5 10. Nxd5 cxd5 11. Bd2 Nd7 12. Rfc1 Bb7 13. Qc7 Rb8 14. Bb4 Bf6 15. Qxd8 Rfxd8 16. Rc7 a5 17. Ba3 e5 18. Bb5 e4 19. Bxd7 exf3 20. gxf3 Ba6 21. Rac1 Rb7 22. Rxb7 Bxb7 23. Rc7 Ba6 24. Bh3 a4 25. Rc6 Kg7 26.
Rxb6 Bc4 27. b3 axb3 28. axb3 Bd3 29. Bf1 Bxf1 30. Kxf1 Ra8 31. Bc5 Ra1+ 32. Kg2 Rb1 33. Rb8 h5 34. b4 g5 35. b5 g4 36. fxg4 hxg4 37. b6 Bh4 38. Bd6 Rb2 39. Bg3 Be7 40.
Rb7 Kf8 41. Rd7 Ke8 42. Rxd5 Rxb6 43. Re5 Kf8 44. Rf5 Rg6 45. e4 Ke8 46. d5 Bd8 47. h3 f6 48. h4 Kf7 49. h5 Rh6 50. Bf4 Rh8 51. Kg3 Ke7 52. Kxg4 Bb6 53. Bg3 Bd4 54. f4 Rg8+ 55. Kf3 Bc5 56. e5 Bd4 57. Rxf6 Rh8 58. h6 Ke8 59. d6 Bc5 60. Bh4 Bb4 61. Bg5 Ba3 62. Ke4 Bb4 63. Kf5 Bc5 64. Ke6 Bb4 65.
d7+ Kd8 66. Rf8+ Kc7 67. d8=Q+ 1-0

[Event "*** SCC Grand Prix: Titled Tuesday Blitz"]
[Site "Chess.com"]
[Date "2020.08.25"]
[Round "3"]
[White "Lion-Al-Messi"]
[Black "ChronicUnhappiness"]
[Result "1-0"]
[WhiteElo "2571"]
[BlackElo "2375"]
[TimeControl "180+1"]
[EndTime "10:30:21 PDT"]
[Termination "Lion-Al-Messi won by checkmate"]

1. e4 c5 2. Nf3 Nc6 3. d4 cxd4 4. Nxd4 Nf6 5. Nc3 e5 6. Ndb5 d6 7. Nd5 Nxd5 8. exd5 Nb8 9. a4 Be7 10. Be3 a6 11.
Na3 O-O 12. Be2 Bg5 13. Nc4 Bxe3 14. fxe3 Nd7 15. O-O a5 16. Bg4 Nc5 17. Bxc8 Rxc8 18. b3 f5 19. Qh5 g6 20. Qh6 Ne4 21. Rad1 Rc5 22. Rd3 Nf6 23. Rfd1 Qc7 24. Qh4 Ne4 25. Qe1 b6 26. h3 Rxc4 27. bxc4 Qxc4 28. Rb3 Rb8 29.
Rdb1 Qxd5 30. Rxb6 Rxb6 31. Rxb6 f4 32. exf4 Qd4+ 33.
Kh2 Qxb6 34. Qxe4 exf4 35. Qxf4 Qc5 36. Qd2 Kg7 37. Qd3 h5 38. h4 d5 39. Qb5 Qxc2 40. Qxa5 Qe4 41. Qc7+ Kh6 42. Qc1+ Kh7 43. Qc7+ Kh6 44. Qd8 d4 45. Qh8# 1-0

[Event "*** SCC Grand Prix: Titled Tuesday Blitz"]
[Site "Chess.com"]
[Date "2020.08.25"]
[Round "3"]
[White "PavelShkapenko"]
[Black "KuzubovYuriy"]
[Result "0-1"]
[WhiteElo "2621"]
[BlackElo "2865"]
[TimeControl "180+1"]
[EndTime "10:30:22 PDT"]
[Termination "KuzubovYuriy won by resignation"]

1. e4 c5 2. c3 Nf6 3. e5 Nd5 4. d4 cxd4 5. cxd4 d6 6. Nf3 Nc6 7. Bc4 Nb6 8. Bb3 d5 9. Nh4 h6 10.
f4 g5 11. fxg5 hxg5 12. Bxg5 Rg8 13. Be3 Bg4 14. Nf3 e6 15. O-O Nc4 16. Bxc4 dxc4 17. Nbd2 Qd5 18. Qc2 b5 19. Qe4 O-O-O 20. a4 Qxe4 21.
Nxe4 Bxf3 22. Rxf3 Nxd4 23. Bxd4 Rxd4 24. Nf6 Rg5 25.
axb5 Rd2 26. Rg3 Rxg3 27. hxg3 Rxb2 28. Rc1 Rb4 29. Ne4 Kb7 30. Nd2 Bh6 31. Rc2 Bxd2 32.
Rxd2 Kb6 33. Kf2 c3 34. Rd3 Rc4 35. Rd1 c2 36. Rc1 Kxb5 37. Ke3 a5 38. Kd3 Kc5 39. g4 Kd5 40. g5 a4 41. g3 a3 42. Rxc2 Rxc2 43. Kxc2 Kxe5 44. Kb3 Kf5 45. Kxa3 Kxg5 0-1

[Event "*** SCC Grand Prix: Titled Tuesday Blitz"]
[Site "Chess.com"]
[Date "2020.08.25"]
[Round "3"]
[White "frederiksvane"]
[Black "GMAkobianSTL"]
[Result "1-0"]
[WhiteElo "2632"]
[BlackElo "2846"]
[TimeControl "180+1"]
[EndTime "10:30:23 PDT"]
[Termination "frederiksvane won on time"]

1. e4 d6 2. d4 Nf6 3. Bd3 c6 4.
Nf3 Bg4 5. Nbd2 e6 6. h3 Bh5 7.
c3 d5 8. e5 Nfd7 9. O-O c5 10.
a3 Nc6 11. b4 cxd4 12. cxd4 Nxd4 13. g4 Nxf3+ 14. Nxf3 Bg6 15. Be3 Be7 16. Kg2 Rc8 17. Bxg6 hxg6 18. Qd3 Rc4 19. Nd2 Nxe5 20. Qe2 Rc2 21.
Rac1 Rxc1 22. Rxc1 Nd7 23. Bxa7 O-O 24. Qb5 Bg5 25. Be3 Bxe3 26. fxe3 b6 27. Nf3 Nf6 28. Rc6 Qa8 29. a4 Rc8 30. Nd4 Rb8 31. Rc7 e5 32.
Nc6 Re8 33. a5 bxa5 34. bxa5 d4 35. a6 dxe3 36. a7 Kh7 37. Rb7 e2 38. Kf2 Nd5 39. Rb8 Rxb8 40. axb8=Q Qa1 41. Qxe2 Nf4 42. Qbxe5 Qa4 43.
Q5e4 1-0

[Event "*** SCC Grand Prix: Titled Tuesday Blitz"]
[Site "Chess.com"]
[Date "2020.08.25"]
[Round "3"]
[White "GMKrikor"]
[Black "hellokostya"]
[Result "1-0"]
[WhiteElo "2721"]
[BlackElo "2468"]
[TimeControl "180+1"]
[EndTime "10:30:23 PDT"]
[Termination "GMKrikor won by resignation"]

1. e4 e5 2. Bc4 Nf6 3. d3 Nc6 4.
Nc3 Bb4 5. Ne2 d5 6. exd5 Nxd5 7. O-O Nxc3 8. bxc3 Be7 9. Ng3 O-O 10. Bb3 Bg5 11. Qh5 Bxc1 12. Raxc1 Qf6 13. Rce1 Qg6 14. Qh4 a5 15. f4 exf4 16. Qxf4 a4 17. Qxf7+ Qxf7 18. Bxf7+ Kh8 19. Bd5 Bd7 20. Ne4 b6 21. Ng5 h6 22.
Ne6 Bxe6 23. Rxe6 Rxf1+ 24. Kxf1 Rf8+ 25. Ke1 Na7 26. c4 Nc8 27. Rc6 Re8+ 28. Kd2 Re7 29.
Re6 Rxe6 30. Bxe6 Nd6 31. a3 g5 32. Bd7 Kg7 33. Bxa4 Kf6 34. Bd7 Ke5 35. Ke3 c5 36. c3 Kf6 37. Bc6 Kf5 38. Bd5 Kf6 39. d4 Nf5+ 40. Kd3 Nh4 41. Be4 Ke7 42. g3 1-0

[Event "*** SCC Grand Prix: Titled Tuesday Blitz"]
[Site "Chess.com"]
[Date "2020.08.25"]
[Round "3"]
[White "K_A_S_T_O_R"]
[Black "Diego_FloresQ"]
[Result "1-0"]
[WhiteElo "2710"]
[BlackElo "2414"]
[TimeControl "180+1"]
[EndTime "10:30:23 PDT"]
[Termination "K_A_S_T_O_R won by resignation"]

1. e4 c5 2. Nf3 e6 3. d4 cxd4 4. Nxd4 Nf6 5. Nc3 d6 6. g3 Be7 7. Bg2 O-O 8. O-O a6 9. a4 Nc6 10. Nb3 Na5 11. Nxa5 Qxa5 12. Bd2 Qc7 13. a5 Bd7 14.
Na4 Bxa4 15. Rxa4 Nd7 16. b3 Rac8 17. c4 Rfd8 18. Qc2 Nf6 19. Be3 Nd7 20. Rd1 Qb8 21.
Qe2 Bf8 22. Ra2 Nc5 23. b4 Nd7 24. Rb2 Rc7 25. f4 Rdc8 26. Rc1 b6 27. axb6 Nxb6 28. Rbc2 Nd7 29. Bd2 d5 30. exd5 exd5 31. c5 a5 32.
Bxd5 axb4 33. c6 Nf6 34. Bb3 Re8 35. Qc4 Qb6+ 36. Kg2 Ng4 37. Qf1 Ne3+ 38. Bxe3 Qxe3 39. Qc4 Rd8 40. Re2 Rd2 41. Re1 Bc5 42. Kh3 Rxe2 43. Rxe2 Qg1 44. Re8+ Bf8 45. Qxb4 Qf1+ 46. Kh4 g5+ 47.
fxg5 1-0

[Event "*** SCC Grand Prix: Titled Tuesday Blitz"]
[Site "Chess.com"]
[Date "2020.08.25"]
[Round "3"]
[White "Spalir"]
[Black "chessfrendz"]
[Result "0-1"]
[WhiteElo "2577"]
[BlackElo "2240"]
[TimeControl "180+1"]
[EndTime "10:30:23 PDT"]
[Termination "chessfrendz won by resignation"]

1. d4 d5 2. Nf3 Nf6 3. c4 c6 4. Nc3 dxc4 5. a4 Bf5 6. e3 e6 7. Bxc4 Nbd7 8. O-O Bb4 9. Qe2 Bg6 10. Na2 Be7 11. Rd1 O-O 12. Nc3 a5 13. e4 Qb8 14.
Bg5 Re8 15. h3 h6 16. Bh4 Nh5 17. Qe3 Qf4 18. Bxe7 Qxe3 19. fxe3 Rxe7 20. e5 Ng3 21. Bd3 Bxd3 22. Rxd3 Rd8 23. Kf2 Nc5 24. dxc5 Rxd3 25. Kxg3 Red7 26. Kf2 Rd8 27. Ke2 Kf8 28. Nd4 R3xd4 29.
exd4 Rxd4 30. Rd1 Rc4 31. Rd8+ Ke7 32. Rb8 Rb4 33. Nd1 f6 34. exf6+ Kxf6 35. Kd3 Ke5 36. Ne3 Rb3+ 37. Ke2 Rxb2+ 38. Kf3 Rb3 39. Kf2 Rb2+ 40.
Kf3 Rb3 41. Ke2 Rb2+ 42. Kd3 Rb3+ 43. Kd2 Kd4 44. Nc2+ Kxc5 45. Rg8 Rg3 46. Ne3 b5 47. axb5 cxb5 48. Kd3 a4 49. Ra8 Kb4 50. Kd4 Rg5 51. g4 Rc5 52. Ra6 e5+ 53. Ke4 a3 54. Kd3 Kb3 55.
Nf1 Kb2 56. Nd2 a2 57. Ke4 Rc2 58. Nf3 a1=Q 59. Rxa1 Kxa1 60. Nxe5 Rh2 0-1

[Event "*** SCC Grand Prix: Titled Tuesday Blitz"]
[Site "Chess.com"]
[Date "2020.08.25"]
[Round "3"]
[White "1977Ivan"]
[Black "Parhamov"]
[Result "0-1"]
[WhiteElo "2687"]
[BlackElo "3017"]
[TimeControl "180+1"]
[EndTime "10:30:24 PDT"]
[Termination "Parhamov won on time"]

1. d4 Nf6 2. c4 g6 3. Nc3 d5 4. Nf3 Bg7 5. cxd5 Nxd5 6. e4 Nxc3 7. bxc3 c5 8. Be2 O-O 9. O-O b6 10. h4 Ba6 11. Bxa6 Nxa6 12. Qe2 Qc8 13. h5 Re8 14. Rd1 Nc7 15. a4 Qg4 16. hxg6 hxg6 17. Ra3 cxd4 18. cxd4 Ne6 19. d5 Nc5 20. Re3 Rac8 21. e5 Nxa4 22. Qa6 Nc3 23. Rd4 Qf5 24. Bd2 Qc2 25. Kh2 f5 26. d6 exd6 27. exd6 Bxd4 28. d7 Ne4 29. dxc8=Q Qxc8 30. Qxc8 Rxc8 31. Nxd4 Nxd2 32. Re7 a5 33. Ne6 Ne4 34. f3 Nc5 35. Nf4 a4 36. Nd5 Rc6 0-1

[Event "*** SCC Grand Prix: Titled Tuesday Blitz"]
[Site "Chess.com"]
[Date "2020.08.25"]
[Round "3"]
[White "Spriteball"]
[Black "killer311"]
[Result "0-1"]
[WhiteElo "2222"]
[BlackElo "2484"]
[TimeControl "180+1"]
[EndTime "10:30:25 PDT"]
[Termination "killer311 won by resignation"]

1. c4 c6 2. Nf3 d5 3. cxd5 cxd5 4.
g3 Nc6 5. d4 Nf6 6. Bg2 Bg4 7.
Nc3 e6 8. Bf4 Bd6 9. Qd2 O-O 10.
O-O Rc8 11. Ne5 Bf5 12. Nxc6 Rxc6 13. Rac1 Bxf4 14. Qxf4 Qa5 15. a3 Rfc8 16. e4 dxe4 17. Nxe4 Bxe4 18. Bxe4 Rxc1 19. Rxc1 Rxc1+ 20. Qxc1 g6 21.
Bxb7 Qb6 22. Bf3 Qxd4 23. Qc3 Qxc3 24. bxc3 Kf8 25. Kf1 Ke7 26. Ke2 Kd6 27. Kd3 Kc5 28.
h3 Nd7 29. Be2 Ne5+ 30. Ke3 f6 31. Ke4 Nc4 32. a4 a5 33. Bd1 e5 34. g4 Nd6+ 35.
Kd3 e4+ 36. Kd2 Kc4 37. Be2+ Kc5 38. Ke3 Kd5 39. Kf4 g5+ 40. Ke3 f5 41. gxf5 Nxf5+ 42. Kd2 Nd6 43. Ke3 h6 44. Bb5 Nxb5 45. axb5 a4 46. Kd2 Kc5 47. c4 h5 48. Kc3 h4 49.
Kb2 g4 50. hxg4 h3 51. g5 h2 52. g6 h1=Q 53. g7 Qg2 0-1

[Event "*** SCC Grand Prix: Titled Tuesday Blitz"]
[Site "Chess.com"]
[Date "2020.08.25"]
[Round "3"]
[White "Bodnar_Mykola"]
[Black "Gloomy_Wanderer"]
[Result "0-1"]
[WhiteElo "2500"]
[BlackElo "2757"]
[TimeControl "180+1"]
[EndTime "10:30:26 PDT"]
[Termination "Gloomy_Wanderer won by resignation"]

1. e4 c5 2. Nf3 a6 3. c4 Nc6 4. d4 cxd4 5. Nxd4 e5 6. Nc2 Bc5 7. Nc3 Nf6 8. Bd3 d6 9. O-O O-O 10. h3 Be6 11. Nd5 h6 12. Qf3 Bxd5 13. cxd5 Nd4 14. Nxd4 Bxd4 15. Bd2 Rc8 16. Rab1 Nd7 17. b4 Qf6 18. Qg3 Nb6 19. Rfc1 Na4 20. Be3 Nc3 21. Ra1 Rfe8 22. a4 Rc7 23. Bxd4 exd4 24.
Re1 Rce7 25. f3 Qe5 26. f4 Qf6 27. Qf3 Nxd5 28. g3 Nxb4 29. Bc4 Rc7 30. Rac1 Rec8 31. Qb3 a5 32. e5 dxe5 33. fxe5 Qe7 34. e6 f5 35. Kh2 d3 36. Red1 f4 37. gxf4 Kh8 38. Qc3 Qh4 39. Rg1 Qxf4+ 40. Rg3 Qxc4 41. Qxg7+ Rxg7 42. Rxc4 Rxc4 43. Rxg7 0-1

[Event "*** SCC Grand Prix: Titled Tuesday Blitz"]
[Site "Chess.com"]
[Date "2020.08.25"]
[Round "3"]
[White "abykhovsky"]
[Black "ditkin25"]
[Result "1-0"]
[WhiteElo "2767"]
[BlackElo "2429"]
[TimeControl "180+1"]
[EndTime "10:30:26 PDT"]
[Termination "abykhovsky won by checkmate"]

1. d4 Nf6 2. Nf3 g6 3. c4 Bg7 4. Nc3 O-O 5. Bg5 d6 6. e3 c5 7.
d5 e6 8. Nd2 exd5 9. cxd5 a6 10. a4 Nbd7 11. Be2 Re8 12. O-O Rb8 13. Re1 Qc7 14.
Rc1 Ne5 15. Nde4 Nxe4 16. Nxe4 b5 17. axb5 axb5 18. Nf6+ Bxf6 19. Bxf6 Bf5 20. Bf1 c4 21. e4 Bg4 22. f3 Qc5+ 23. Kh1 Bc8 24. Qd2 Nd7 25.
Bd4 Qc7 26. Qh6 f6 27. b3 Ba6 28. h4 Ne5 29. Ra1 Ra8 30. b4 Qg7 31. Qe3 Bb7 32.
Be2 Rec8 33. f4 Nd7 34. Bg4 Rd8 35. Be6+ Kh8 36. g4 Nf8 37. g5 Nd7 38. Qc3 Rxa1 39. Rxa1 Rf8 40. Ra7 Bc8 41. gxf6 Qh6 42. f7+ Ne5 43.
Bxe5+ dxe5 44. Qxe5+ Qg7 45. Bxc8 Qxe5 46. fxe5 Rxc8 47.
e6 Kg7 48. d6 c3 49. d7 Rd8 50. e7 c2 51. f8=Q+ Rxf8 52. exf8=Q+ Kxf8 53. d8=Q# 1-0

[Event "*** SCC Grand Prix: Titled Tuesday Blitz"]
[Site "Chess.com"]
[Date "2020.08.25"]
[Round "3"]
[White "26andrej26"]
[Black "michaelk123"]
[Result "1-0"]
[WhiteElo "2618"]
[BlackElo "2396"]
[TimeControl "180+1"]
[EndTime "10:30:26 PDT"]
[Termination "26andrej26 won on time"]

1. e4 c6 2. d4 d5 3. Nc3 dxe4 4.
Nxe4 Bf5 5. Ng3 Bg6 6. h4 h6 7. Nf3 e6 8. Ne5 Bh7 9. Bd3 Bxd3 10. Qxd3 Nd7 11. Qe2 Be7 12. Bd2 Ngf6 13. O-O-O Qc7 14. Nf1 Nxe5 15. dxe5 Nd7 16. f4 h5 17. Qf2 Qb6 18. Be3 Bc5 19. Bxc5 Qxc5 20. Qxc5 Nxc5 21. Ne3 b5 22. Rd6 Rc8 23. Rhd1 O-O 24.
R1d4 a5 25. a3 a4 26. Kd1 Rc7 27. c4 Rfc8 28. Kc2 Nb7 29. Rd7 Nc5 30. Rd8+ Rxd8 31. Rxd8+ Kh7 32. Kc3 Kg6 33. Kb4 Ne4 34. cxb5 Rb7 35.
Kxa4 Rxb5 36. b4 Nc3+ 37. Kb3 Ne2 38. a4 Rb7 39. a5 Nxf4 40. Kc4 1-0

[Event "*** SCC Grand Prix: Titled Tuesday Blitz"]
[Site "Chess.com"]
[Date "2020.08.25"]
[Round "3"]
[White "rdclayton"]
[Black "Mr_Sinigami"]
[Result "0-1"]
[WhiteElo "2342"]
[BlackElo "2536"]
[TimeControl "180+1"]
[EndTime "10:30:26 PDT"]
[Termination "Mr_Sinigami won by resignation"]

1. e4 c5 2. Nf3 e6 3. d4 cxd4 4.
Nxd4 a6 5. Bd3 Nf6 6. O-O Qc7 7.
Nc3 Nc6 8. Be3 Ne5 9. h3 d6 10. f4 Nc4 11. Bxc4 Qxc4 12. Qd3 Qc7 13. a4 Be7 14.
Rae1 O-O 15. Kh1 b6 16. Nf3 Bb7 17. e5 dxe5 18. fxe5 Nd5 19. Nxd5 Bxd5 20. Ng5 Bxg5 21. Bxg5 Rac8 22. c3 Bc4 23. Qg3 Bxf1 24. Bf6 g6 25.
Qf4 Bxg2+ 26. Kxg2 Qc6+ 27. Kh2 Qc5 28. Qh6 Qf2+ 29.
Kh1 Qxe1+ 30. Kg2 Qe2+ 31. Kg3 Qe1+ 32. Kg2 Qe4+ 33. Kg1 Qb1+ 34. Kg2 Qxb2+ 35. Kg1 Qb1+ 36. Kg2 Qe4+ 37. Kg1 Qe1+ 38. Kg2 Qe2+ 39. Kg1 Qd1+ 40. Kg2 Qc2+ 41. Kg1 Qb1+ 42. Kg2 Qa2+ 43. Kg1 Qa1+ 44. Kg2 Qb2+ 45. Kg1 Qc1+ 46. Kg2 Qxh6 0-1